 Dungeon Crawl Stone Soup version 0.25.1-8-g42b30a86e7 (webtiles) character file.

Game seed: 587581220612575747

169 Clowwww the Chopper (level 5, 47/47 HPs)
             Began as a Hill Orc Fighter on Dec 13, 2020.
             Quit the game on level 3 of the Dungeon.
             The game lasted 00:04:19 (2121 turns).

Clowwww the Chopper (Hill Orc Fighter)              Turns: 2121, Time: 00:04:20

Health: 47/47      AC:  8    Str: 20    XL:     5   Next: 50%
Magic:  5/5        EV:  7    Int:  8    God:
Gold:   107        SH:  9    Dex: 10    Spells: 4/4 levels left

rFire    . . .     SeeInvis .   a - +0 war axe
rCold    . . .     Gourm    .   c - +0 kite shield
rNeg     . . .     Faith    .   b - +0 scale mail
rPois    .         Spirit   .   d - +0 helmet
rElec    .         Reflect  .   (no cloak)
rCorr    .         Harm     .   (no gloves)
MR       .....                  (no boots)
Stlth    ..........             (no amulet)
HPRegen  0.15/turn              (no ring)
MPRegen  0.09/turn              (no ring)

@: no status effects
A: no striking features
a: no special abilities


You were on level 3 of the Dungeon.
You were not hungry.

You visited 1 branch of the dungeon, and saw 3 of its levels.

You collected 107 gold pieces.

Inventory:

Hand Weapons
 a - a +0 war axe (weapon)
Missiles
 g - 4 silver boomerangs (quivered)
Armour
 b - a +0 scale mail (worn)
 c - a +0 kite shield (worn)
 d - a +0 helmet (worn)
Jewellery
 m - an uncursed amulet of magic regeneration {unknown}
Scrolls
 e - 4 scrolls of identify {unknown}
 l - a scroll of teleportation {unknown}
 n - a scroll of enchant weapon {unknown}
 o - 2 scrolls of amnesia {unknown}
Potions
 h - a potion of magic {unknown}
 i - 3 potions of invisibility {unknown}
 j - a potion of mutation {unknown}
 p - a potion of brilliance {unknown}
Comestibles
 f - 7 rations
 k - 9 chunks of flesh


   Skills:
 + Level 4.4 Fighting
 + Level 4.9 Axes
 + Level 4.3 Armour
 + Level 0.8 Dodging
 + Level 3.8 Shields


You had 4 spell levels left.
You didn't know any spells.
Your spell library was empty.

Dungeon Overview and Level Annotations

Branches:
Dungeon (3/15)

Altars:
Dithmenos
Nemelex Xobeh
Vehumet
The Shining One


Message History

a +0 hunting sling; 3 stones
f - 7 rations (gained 1)
You now have 107 gold pieces (gained 5).
You see here a stone.
Items here: )) [[ ††
Things that are here:
a +0 hand axe; a +0 ring mail; an orc corpse
Things that are here:
a +0 scale mail; an orc corpse
Things that are here:
a +0 hand axe; a +0 ring mail; an orc corpse
Found a stone staircase leading down.
Some of the chunks of flesh in your inventory have rotted away.
Found an escape hatch in the floor.
An orc comes into view. It is wielding a -3 hand axe.
The orc shouts!
An orc is nearby!
Quiver which item? (- for none, * to show all) (? for menu, Esc to quit)
Okay, then.
Are you sure you want to abandon this character and quit the game? (Confirm with "yes".)

#.#.# #(.(.). .≈♣≈ ..
#.#.# #......
Po≈≈♣≈♣.##.#.#####......
♣♣≈≈≈≈..................
≈≈≈≈....###..#####......
.≈≈≈..P#....>...........
..P...##.###.####.......
....P.....##.# #.......
♣....@..##.# .#+####
.P....###.##.####.#
##... #........># ###
####.######.# #........#
##########


You could see an orc.

Vanquished Creatures
  An orc priest (D:3)
  Robin (D:2)
  4 adders
  An ooze (D:1)
  A worm (D:2)
  A dart slug (D:1)
  6 leopard geckos
  3 orcs (D:3)
  7 bats
  2 giant cockroaches
  11 goblins
  7 hobgoblins (D:2)
  4 jackals (D:3)
  7 kobolds
  A quokka (D:2)
  A ball python (D:1)
  13 frilled lizards
  A quokka zombie (D:2)
  4 rats
76 creatures vanquished.

Notes
Turn   | Place    | Note
-------+----------+-------------------------------------------
     0 | D:1      | Clowwww the Hill Orc Fighter began the quest for the Orb.
     0 | D:1      | Reached XP level 1. HP: 19/19 MP: 1/1
   144 | D:1      | Reached XP level 2. HP: 23/27 MP: 2/2
   775 | D:2      | Found a faded altar of an unknown god.
   828 | D:2      | Reached XP level 3. HP: 33/33 MP: 3/3
   848 | D:2      | Found a radiant altar of Vehumet.
  1186 | D:2      | Noticed Robin
  1205 | D:2      | Reached XP level 4. HP: 9/40 MP: 4/4
  1212 | D:2      | Killed Robin
  1861 | D:2      | Found a glowing golden altar of the Shining One.
  1897 | D:3      | Found a sparkling altar of Nemelex Xobeh.
  1898 | D:3      | Found a shadowy altar of Dithmenos.
  1975 | D:3      | Reached XP level 5. HP: 47/47 MP: 5/5
  2121 | D:3      | Quit the game

Illustrated notes

Levels and vault maps discovered:
D:1:      minmay_arrival_four_houses, layout_rooms, minmay_misc_feat_ornament,
          corexii_hall_statues_deadend, st_stairs_4
D:2:      layout_loops_cross, vehumet_crystals, nicolae_overflow_hidden_temple,
          chequers_ecumenical_altar_simple, uniq_robin
D:3:      layout_basic, chequers_temple_overflow_statue_of_worship,
          minmay_misc_feat_encased, serial_bayou_pond_a, minmay_lizard_king

Skill      XL: |  1  2  3  4 |
---------------+-------------+-----
Axes           | 3 4 |  4.9
Armour         | 4 |  4.3
Fighting       | 4 |  4.4
Dodging        | |  0.8
Shields        | |  3.8

Action                   |  1- 3 |  4- 6 || total
-------------------------+-------+-------++-------
Melee: War axe           |    96 |    99 ||   195
  Use: Potion            |     1 |       ||     1
  Eat: Chunk             |     1 |     3 ||     4
Armor: Scale mail        |    58 |    75 ||   133
Dodge: Dodged            |    33 |    46 ||    79
Block: Kite shield       |    52 |    57 ||   109
